Cogmind - Beta 12 @@@ ROGUE MODE // 2023.03.26 @ 13:38:03 Player: Rohain Result: Destroyed by G-34 Mercenary with Small Laser Performance ------------- Evolutions (0) 0 Regions Visited (2) 400 Robots Destroyed (22) 110 Value Destroyed (323) 323 Prototype IDs (0) 0 Alien Tech Used (0) 0 Bonus (0) 0 TOTAL SCORE: 833 Bonus ------- None Cogmind --------- Core Integrity 0/250 Matter 250/300 Energy 160/160 System Corruption 2% Temperature Cool (6) Movement Walking (120) Location -10/Mines Parts ------- > --- POWER (1) -------- Light Nuclear Core > --- PROPULSION (2) --- Aluminum Leg Aluminum Leg > --- UTILITY (2) ------ Medium Storage Unit > --- WEAPON (2) ------- Light Assault Rifle > --- INVENTORY (10) --- Aluminum Leg Large Storage Unit Grenade Launcher Peak State ------------ > --- POWER ------------ Light Nuclear Core > --- PROPULSION ------- Aluminum Leg Aluminum Leg > --- UTILITY ---------- Heat Sink Medium Storage Unit > --- WEAPON ----------- Light Assault Rifle > --- INVENTORY -------- Aluminum Leg Large Storage Unit Grenade Launcher [Rating: 8] Favorites ----------- Power Light Ion Engine Engine Light Ion Engine Power Core Light Nuclear Core Propulsion Aluminum Leg Leg Aluminum Leg Utility Medium Storage Unit Device Sensor Array Storage Medium Storage Unit Weapon Small Laser Energy Gun Small Laser Ballistic Gun Light Assault Rifle Launcher Grenade Launcher Build | -11 -10 -10 ------- Run | Jun Mat Min Slots Evolved . | . . . Power . | . . . Propulsion . | . . . Utility . | . . . Weapon . | . . . Parts Attached 20 | 5 6 9 Power 2 | 1 . 1 Engine 1 | 1 . . Core 1 | . . 1 Reactor . | . . . Propulsion 4 | 1 1 2 Treads . | . . . Leg 4 | 1 1 2 Wheel . | . . . Hover . | . . . Flight . | . . . Utility 4 | 1 2 1 Device 2 | . 1 1 Storage 2 | 1 1 . Processor . | . . . Hackware . | . . . Protection . | . . . Artifact . | . . . Weapon 10 | 2 3 5 Energy Gun 7 | 2 2 3 Energy Cannon . | . . . Ballistic Gun 1 | . . 1 Ballistic Cannon . | . . . Launcher 2 | . 1 1 Special Weapon . | . . . Impact Weapon . | . . . Slashing Weapon . | . . . Piercing Weapon . | . . . Special Melee Weapon . | . . . Unidentified Prototypes . | . . . Corrupted Parts 1 | . . 1 System Corruption 2 | . . 2 Parts Lost 9 | . 1 8 Power 1 | . . 1 Propulsion 2 | . . 2 Utility 2 | . . 2 Weapon 4 | . 1 3 Highest Loss Streak 8 | . 1 8 To Critical Strikes . | . . . Average Slot Usage (%) 94 | . 86 97 Engine 13 | . 14 12 Leg 27 | . 28 27 Device 10 | . 1 13 Storage 14 | . 14 14 Energy Gun 26 | . 27 26 Naked Turns . | . . . Heaviest Build 21 | 11 21 17 Greatest Support 20 | 10 20 20 Greatest Overweight (x) 1 | 1 1 1 Average Overweight (x) . | . . . Largest Inventory Capacity 10 | 8 10 10 Average Capacity 9 | 6 9 10 Most Carried 7 | 4 6 7 Average Carried 5 | 2 3 6 Final Capacity 10 | 8 10 10 Final Carried 5 | 2 5 3 Class Distribution -------------------- 100% | Mutant Dominant Class ---------------- Mutant | -10/Materials Mutant | -10/Mines Resources | -11 -10 -10 ----------- Run | Jun Mat Min Matter Collected 375 | 116 199 60 Remotely . | . . . Salvage Created 589 | 74 309 206 Parts 44 | 4 19 21 Haulers Intercepted 1 | . 1 . Recyclers Shooed 1 | . 1 . Parts Field Recycled . | . . . Retrieved Matter . | . . . Parts Self-Destructed . | . . . Prevented . | . . . Kills | -11 -10 -10 ------- Run | Jun Mat Min Combat Hostiles Destroyed 16 | . 6 10 Guns 9 | . 2 7 AOE 7 | . 4 3 Classes Destroyed 6 | 1 4 1 Tunneler 2 | . . 2 Hauler 1 | . 1 . Recycler 2 | 1 1 . Watcher 1 | . 1 . Swarmer 12 | . 3 9 Grunt 4 | . 3 1 Best Kill Streak 4 | 1 4 3 Combat Bots Only 3 | . 3 3 Max Kills in Single Turn 2 | 1 2 2 Gunslinging . | . . . Exploded 2 | . 2 2 Melee . | . . . Uniques/NPCs Destroyed . | . . . Combat | -11 -10 -10 -------- Run | Jun Mat Min Damage Taken 846 | . 138 708 Core 258 | . 29 229 Absorbed by Shields . | . . . Core Remaining (%) 100 | 100 . . Volleys Fired 58 | 1 16 41 Largest 2 | 2 2 2 Hottest 80 | 80 80 80 Shots Fired 97 | 2 30 65 Gun 93 | 2 28 63 Cannon . | . . . Launcher 4 | . 2 2 Special . | . . . Kinetic 10 | . . 10 Thermal 68 | 1 17 50 Explosive 4 | . 2 2 Electromagnetic 15 | 1 11 3 Robot Hit Streak 15 | 1 10 15 Robot Miss Streak 3 | 1 2 3 Penetration Max . | . . . Secondary Targets . | . . . Shots Hit Robots 65 | 1 20 44 Core Hits 29 | 1 14 14 Critical Kills . | . . . Critical Parts Destroyed . | . . . Critical Strikes . | . . . Melee Attacks . | . . . Impact . | . . . Slashing . | . . . Piercing . | . . . Sneak Attacks . | . . . Combat Hostiles . | . . . Follow-up Attacks . | . . . Damage Inflicted 1140 | 15 475 650 Guns 716 | 15 252 449 Cannons . | . . . Explosions 424 | . 223 201 Melee . | . . . Ramming . | . . . Kinetic 33 | . . 33 Thermal 557 | . 182 375 Explosive 378 | . 177 201 Electromagnetic 172 | 15 116 41 Impact . | . . . Slashing . | . . . Piercing . | . . . Highest Corruption 2 | . . 2 Average Corruption 2 | . . 2 Corruption Purged . | . . . Corruption Blocked . | . . . Overload Shots . | . . . Overflow Damage 20 | . 20 . Projectiles . | . . . Explosions 20 | . 20 . Melee . | . . . Knockbacks . | . . . Impact . | . . . Kinetic . | . . . Secondary . | . . . Self-Inflicted Damage 57 | . 57 . Shots 2 | . 2 . Rammed . | . . . Targets Rammed . | . . . Kicked . | . . . Crushed . | . . . Highest Temperature 108 | 18 108 108 Average Temperature 38 | 12 37 40 Received Heat Transfer 297 | . 24 273 Siege Activations . | . . . Robots Corrupted . | . . . Combat Hostiles . | . . . Parts Fried . | . . . Impact Corruptions . | . . . Robots Melted . | . . . Combat Hostiles . | . . . Parts Melted . | . . . Heat Transferred 1275 | . 400 875 Parts Sabotaged . | . . . Parts Stolen . | . . . Parts Stripped . | . . . Power Chain Reactions 1 | . 1 . Missiles Intercepted . | . . . Alert | -11 -10 -10 ------- Run | Jun Mat Min Peak Influence 327 | 5 220 327 Initial 85 | . 3 85 Average 159 | 2 74 201 Maximum Alert Level 1 | . 1 1 Low Security (%) 65 | 100 81 58 Level 1 34 | . 18 41 Level 2 . | . . . Level 3 . | . . . Level 4 . | . . . Level 5 . | . . . High Security . | . . . Max Security . | . . . Squads Dispatched 1 | . 1 . Investigation 1 | . 1 . Extermination . | . . . Reinforcement . | . . . Assault . | . . . Garrison . | . . . Intercept . | . . . Searches Triggered . | . . . Construction Impeded . | . . . Haulers Reinforced . | . . . Active Scanning Responses . | . . . Cargo Convoy Interrupts . | . . . Stealth | -11 -10 -10 --------- Run | Jun Mat Min Distress Signals . | . . . Communications Jammed . | . . . Distress Signals . | . . . Times Spotted 19 | . 8 11 Peak Tracking Total 3 | . 3 3 Tactical Retreats . | . . . Traps | -11 -10 -10 ------- Run | Jun Mat Min Traps Triggered . | . . . Indirectly . | . . . Trap Hack Attempts . | . . . Triggered . | . . . Disarmed . | . . . Reprogrammed . | . . . Reused . | . . . Traps Extracted . | . . . Installed . | . . . Triggered . | . . . Machines | -11 -10 -10 ---------- Run | Jun Mat Min Machines Disabled 1 | . 1 . Max in Single Turn 1 | . 1 . Machines Repaired . | . . . Machines Sabotaged . | . . . Overloaded Fab Kills . | . . . Hacking | -11 -10 -10 --------- Run | Jun Mat Min Machines Accessed 3 | . 3 . Terminals 2 | . 2 . Fabricators . | . . . Repair Stations . | . . . Recycling Units 1 | . 1 . Scanalyzers . | . . . Garrison Access . | . . . Total Hacks 10 | . 10 . Successful 4 | . 4 . Failed 6 | . 6 . Catastrophic 1 | . 1 . Database Lockouts . | . . . Manual 5 | . 5 . Terminals 8 | . 8 . Fabricators . | . . . Repair Stations . | . . . Recycling Units 2 | . 2 . Scanalyzers . | . . . Garrison Access . | . . . Terminal Hacks 1 | . 1 . Record 1 | . 1 . Fabricator Hacks . | . . . Repair Station Hacks . | . . . Recycling Unit Hacks 1 | . 1 . Report Inventory 1 | . 1 . Scanalyzer . | . . . Garrison Access Hacks . | . . . Unauthorized Hacks 2 | . 2 . Terminals 2 | . 2 . Botnet 2 | . 2 . Fabricators . | . . . Repair Stations . | . . . Recycling Units . | . . . Scanalyzers . | . . . Garrison Access . | . . . Data Cores Recovered . | . . . Used . | . . . Hacking Detections 3 | . 3 . Full Trace Events 1 | . 1 . Feedback Events . | . . . Feedback Blocked . | . . . Robot Schematics Acquired . | . . . Robots Built . | . . . Authchips . | . . . Time . | . . . Total Robot Build Rating . | . . . Part Schematics Acquired . | . . . Parts Built . | . . . Authchips . | . . . Time . | . . . Total Part Build Rating . | . . . Parts Repaired . | . . . Time . | . . . Parts Recycled . | . . . Recycled Matter . | . . . Retrieved Matter . | . . . Retrieved Components . | . . . Parts Scanalyzed . | . . . Part Schematics Acquired . | . . . Parts Damaged . | . . . Bothacking | -11 -10 -10 ------------ Run | Jun Mat Min Used RIF Installer . | . . . Robots Hacked . | . . . Non-combat . | . . . Combat . | . . . Robot Hacks Applied . | . . . Relay Couplers Released . | . . . Fabnet Peak Effective % . | . . . Robots Rewired . | . . . Allies Hacked . | . . . Hacks Repelled . | . . . Allies | -11 -10 -10 -------- Run | Jun Mat Min Total Allies . | . . . Largest Group . | . . . Highest-Rated Group . | . . . Highest-Rated Ally . | . . . Total Orders . | . . . Ally Attacks . | . . . Total Damage . | . . . Kills . | . . . Allies Corrupted . | . . . Allies Melted . | . . . Intel | -11 -10 -10 ------- Run | Jun Mat Min Robot Analysis Total . | . . . Derelict Logs Recovered 1 | . . 1 Drone Launches . | . . . Drone Recoveries . | . . . Exploration | -11 -10 -10 ------------- Run | Jun Mat Min Turns Passed 1190 | 65 285 840 Spaces Moved 820 | 49 182 589 Core 28 | 28 . . Treads . | . . . Legs 792 | 21 182 589 Wheels . | . . . Hover . | . . . Flight . | . . . Fastest Speed 50 | 50 120 120 Average Speed 119 | 108 120 120 Slowest Speed 190 | 190 190 190 Overloaded Moves . | . . . Propulsion Burnouts . | . . . Robots Hopped . | . . . Cave-ins Triggered . | . . . Exploration Rate (%) 41 | 3 35 86 Regions Visited 2 Branch Regions 1 Pre-discovered Areas . | . . . Known Exits Taken . | . . . Unknown Exits Taken 2 | 1 1 . Scrap Searched 2 | . . 2 Spaces Dug . | . . . Terrain Destroyed 26 | . 10 16 Melee . | . . . Projectile . | . . . AOE 26 | . 10 16 Terrain Rammed . | . . . Walls Destroyed . | . . . Machines Disabled . | . . . Actions | -11 -10 -10 --------- Run | Jun Mat Min Total 931 | 58 217 656 Wait 21 | . 7 14 Move 818 | 48 181 589 Hop . | . . . Pick Up 11 | 4 5 2 Fast Attach 7 | 3 2 2 Attach 10 | 2 3 5 Detach 2 | . 1 1 Swap 3 | . 1 2 Drop 1 | . 1 . Fire 58 | 1 16 41 Melee . | . . . Ram . | . . . Kick . | . . . Crush . | . . . Escape Stasis . | . . . Rewire . | . . . Trap . | . . . Miscellaneous . | . . . Route ------- -11/Junkyard -10/Materials -10/Mines (discovered 1 exit: [*Mat]) History --------- Turn | Location | Event 3 | -11/Junkyard | Discovered new exit (range 15) 66 | -11/Junkyard | Entered Materials 321 | -10/Materials | Build established: Mutant 327 | -10/Materials | Discovered new exit (range 14) 351 | -10/Materials | Entered Mines 352 | -10/Mines | Met a Derelict bent on vengeance 476 | -10/Mines | Learned Materials stockpile data 620 | -10/Mines | Discovered new exit (range 5) 1135 | -10/Mines | Core integrity fell below 50% 1158 | -10/Mines | Core integrity fell below 20% 1191 | -10/Mines | Destroyed by G-34 Mercenary with Small Laser Last Messages --------------- 00776_ Found Sensor Array. 00776_ Found Hover Unit. 00776_ Found Assault Rifle. 00776_ Found Structural Scanner. 00776_ Found 32 Matter. 00947_ K-01 Serf cleans the Plasma Injector. 01082_ T-07 Excavator destroyed. 01124_ Lgt. Ion Engine destroyed. 01127_ Aluminum Leg destroyed. 01130_ Sml. Laser destroyed. 01131_ Sensor Array destroyed. 01148_ G-34 Mercenary heat damages Aluminum Leg. 01149_ Sml. Laser destroyed. 01159_ EM Pulse Gun destroyed. 01165_ Aluminum Leg destroyed. 01165_ G-47 Trooper destroyed. 01169_ Acquired Lgt. Nuclear Core. 01173_ Acquired Corrupted Aluminum Leg. 01173_ Integrated Corrupted Aluminum Leg (+2). 01189_ Heat Sink destroyed. Map ----- +----------------------------------------------------+ | ???????# ##?####?##### | | ???????# #???????????# | | ???????# #???????????? | | ???????## #???????????? | | ????????###### #???????????? | | ?????????????## #???????????? | | ??????????????### #???????????? | | ????????????????# #???????????? | | ??????????????### #?????????### | | ??????????????# #?????????# | | ?????????###### ####?????????# | | ?????????# % #????????????#?? | | ?????????# #### #??????????????? | | ?????????# #??# #??????????????? | | ?????##### #??# ####???????????? | | ?????# #?## ##?####?????? | | ?????# ####### #?# ?????? | | ?????# #???## """ #?# #?????? | | ?????# #??## """ #?# #?????? | | ?????# #??# """ ##?# ##????? | | ???### #??# ##?# ##???? | | ??## #??## ### #???? | | ??# #???##### #???? | | ?##$ g##??????## #???? | | ?# #???????# ## #???? | | ?# =@##??????# ## ####? | | ?## %[ #??????## ### #? | | ??### #???????## #?## ### #? | | ????### #????????# #??#!##?? #? | | ??????# #????????# ##?# #???? ? | | ??????# #????????# #?#|#????# | | ??????# #????????## #?#%#?????# | | ??????# #?????????# #?# #?????? | | ?????? ?????????# #?# #?????? | | ?????? ?????????# ### ####??? | | ?????? ????????# #??? | | ?????? ????????# ###### ##?? | | ?????# ????????# #???## ### | | ?????# """ ??????## #???# | | ?????# """ ?????## ##?## | | ?????# ?????????# ### < #### | | ??????##?????????# ##??? | | ?????????????????# ####???? | | ?????????????????# ##??????? | | ?????????????????## ###???????? | | ??????????????????####?????????? | | ???????????????????????????????? | | ???????????????????????????????? | | | | | +----------------------------------------------------+ Best States ------------- Heat Dissipation 35 Energy Generation 14 Energy Capacity 160 Matter Stores 300 Matter Capacity 300 Sight Range 16 Robot Scan Range 14 Terrain Scan Density 10 Evasion (%) 55 Item Schematics ----------------- None Robot Schematics ------------------ None Fabricated ------------ Nothing Alien Tech Used ----------------- None Achievements -------------- None Challenges ------------ None Game ------ Seed ActuatorShockDevice Manual? 0 Play Time 00:08:57 Cumulative 21.4 hours Start 2023.03.26 @ 13:32:04 End 2023.03.26 @ 13:38:03 Sessions 1 Manual Loads 0 Difficulty Rogue Special Mode None Game No. 38 Rogue 22 Adventurer 16 Explorer 0 Win Type - Total 0 Types 0/0/0/0/0/0/0/0/0 Lore% 17 Gallery% 32 Achievement% 32 Wizard Run 0 Options --------- ASCII 0 Keyboard 0 Movement Mouse Keybinds 0 Fullscreen 1 Font 18/SmallcapsGlow Map View 76x50 Tactical HUD 1 Map Filters NONE Filters NONE Steam 1 RUN: 6120c8d4-f024-44f9-8b73-8da1acaf2c48